 Dungeon Crawl Stone Soup version 0.30-a0-223-gcb0039aa0c (webtiles) character file.

Game seed: 10703715581758529808

2440 gruber the Ducker (level 9, -10/66 HPs)
             Began as a Djinni Fire Elementalist on Oct 9, 2022.
             Mangled by a gargoyle
             ... wielding a +0 mace
              (20 damage)
             ... on level 7 of the Dungeon.
             The game lasted 00:11:06 (7820 turns).

gruber the Ducker (Djinni Fire Elementalist)        Turns: 7820, Time: 00:11:07

Health: -10/66     AC:  3    Str:  7    XL:     9   Next: 78%
Gold:   289        EV: 17    Int: 21    God:
                   SH:  0    Dex: 20

rFire   + + .      SeeInvis .    m - staff of cold
rCold   + . .      Faith    .    (no shield)
rNeg    . . .      Spirit   .    a - +0 robe
rPois   ∞          Reflect  .    l - +0 helmet
rElec   .          Harm     .    (no cloak)
rCorr   .          Rampage  .    (no gloves)
Will    .....                    (boots unavailable)
Stlth   ++........               (no amulet)
HPRegen 0.31/turn                s - ring of protection from cold
MPRegen 0.00/turn                y - +6 ring of dexterity

@: flying
A: sickness immunity, fire resistance 2, cold vulnerability 1, float, innate
caster, HP casting, extra vitality 1
a: no special abilities


You were on level 7 of the Dungeon.
You visited 1 branch of the dungeon, and saw 7 of its levels.
You also visited: Ossuary.

You collected 289 gold pieces.

Inventory:

Hand Weapons
 D - a +2 flail of draining
Armour
 a - a +0 robe (worn)
 l - a +0 helmet (worn)
Magical Staves
 m - a staff of cold (weapon)
Jewellery
 s - a ring of protection from cold (left hand)
 y - a +6 ring of dexterity (right hand)
Wands
 d - a wand of light (5)
 A - a wand of flame (12)
 B - a wand of roots (8)
Scrolls
 c - a scroll of silence {unknown}
 e - 2 scrolls of vulnerability {unknown}
 f - 4 scrolls of brand weapon {unknown}
 g - 4 scrolls of identify {unknown}
 i - 2 scrolls of enchant weapon {unknown}
 j - 6 scrolls of noise
 n - a scroll of acquirement {unknown}
 p - 2 scrolls of fear {unknown}
 r - a scroll of summoning {unknown}
 t - 4 scrolls of enchant armour {unknown}
 w - 3 scrolls of teleportation {unknown}
 x - a scroll of poison {unknown}
 F - 2 scrolls of amnesia {unknown}
Potions
 b - 2 potions of curing {unknown}
 h - a potion of berserk rage {unknown}
 k - 2 potions of heal wounds {unknown}
 o - a potion of brilliance
 q - a potion of ambrosia {unknown}
 u - a potion of invisibility
 v - a potion of lignification {unknown}
 z - 3 potions of attraction {unknown}
 C - 2 potions of experience {unknown}
 E - 2 potions of haste {unknown}
 G - 2 potions of resistance {unknown}


   Skills:
 - Level 6.1 Fighting
 * Level 7.3 Dodging
 - Level 1.5 Stealth
 - Level 7.1 Spellcasting


You couldn't memorise any spells.
You knew the following spells:

 Your Spells              Type           Power      Damage    Failure   Level
a - Foxfire               Conj/Fire      100%       2x1d9     1%          1
b - Scorch                Fire           74%        2d8       1%          2
c - Kindle Blastsparks    Fire/Tloc/Air  74%        2d16      1%          3
d - Inner Flame           Hex/Fire       37%        N/A       1%          3
e - Flame Wave            Conj/Fire      37%        2d10      4%          4
f - Sting                 Tmut/Pois      100%       1d8       1%          1
g - Blink                 Tloc           74%        N/A       1%          2
h - Hailstorm             Conj/Ice       54%        3d12      1%          3
i - Dazzling Flash        Conj/Hex       74%        N/A       1%          3
Your spell library was empty.

Dungeon Overview and Level Annotations

Branches:
Dungeon (7/15)             Temple (0/1) D:7         Ossuary (visited)

Altars:
Elyvilon
Gozag
Xom
The Shining One


Innate Abilities, Weirdness & Mutations

You are immune to sickness and miasma.
You are immune to poison.
Your flesh is very heat resistant. (rF++)
You are vulnerable to cold. (rC-)
You float through the air rather than walking.
You learn spells naturally, not from books.
Your magical power is your life essence.
You have superior vitality. (+4 MHP)


Message History

You reach down and open the door.
The gargoyle hurls a stone arrow at you.
The stone arrow hits you!!
There is an open door here.
Casting: Scorch (safe; 1% risk of failure)
Confirm with . or Enter, or press ? or * to list all spells.
Flames lash the gargoyle but do no damage.
The gargoyle hurls a stone arrow at you.
The stone arrow hits you!!
* * * LOW HITPOINT WARNING * * *
Unknown command.
Unknown command.
Casting: Scorch (safe; 1% risk of failure)
Confirm with . or Enter, or press ? or * to list all spells.
Flames lash the gargoyle.
The gargoyle is heavily damaged.
The gargoyle's fire resistance burns away.
* * * LOW HITPOINT WARNING * * *
Unknown command.
Unknown command.
Casting: Scorch (safe; 1% risk of failure)
Confirm with . or Enter, or press ? or * to list all spells.
Flames lash the gargoyle but do no damage.
* * * LOW HITPOINT WARNING * * *
Unknown command.
Unknown command.
Casting: Scorch (safe; 1% risk of failure)
Confirm with . or Enter, or press ? or * to list all spells.
Flames lash the gargoyle but do no damage.
* * * LOW HITPOINT WARNING * * *
The gargoyle hurls a stone arrow at you.
The stone arrow misses you.
Unknown command.
Unknown command.
Casting: Scorch (safe; 1% risk of failure)
Confirm with . or Enter, or press ? or * to list all spells.
Flames lash the gargoyle but do no damage.
* * * LOW HITPOINT WARNING * * *
The gargoyle hits you with a +0 mace!!
You die...

#..........## #####
##....#
#....<..#######...#
#....#
###########........#
#####....### ....=##
#........ .....).......
.....8#
#.......###########...#
.....##
#.........9...........>
##.### #+#'#
############## #.#
#.#9# #.............
##∩######### #.#@#
#.############
...........# #.#.#
#.##.......#.<
...........#
#.#.###.##.#####.#.#
...........#
#.......##.# #.#..
############
###.######.# #.### #.#
#.# #.# #.######.# #.#
#.....)..# #.#
########## #.###


You could see a gargoyle (combustible).

Vanquished Creatures
  Eustachio (D:4)
  A steam dragon (D:7)
  A water moccasin (D:6)
  3 black bears
  An ice beast (D:5)
  A phantom (D:5)
  2 centaurs
  Blork the orc (D:4)
  2 necrophages
  A bullfrog (D:7)
  2 scorpions
  3 howler monkeys
  A human zombie (Ossuary)
  A centaur zombie (Ossuary)
  6 orc priests
  A gnoll bouda (D:4)
  Jessica (D:2)
  2 iguanas
  3 orc wizards
  Natasha (thrice) (D:3)
  4 mummies (Ossuary)
  Robin (D:2)
  11 gnolls
  11 adders
  2 shadow imps (D:7)
  2 white imps
  2 ufetubi
  2 worms
  35 orcs
  11 ball pythons
  12 endoplasms
  4 giant cockroaches
  A gnoll zombie (Ossuary)
  19 goblins
  13 hobgoblins
  7 jackals
  10 kobolds
  3 quokkas
  9 bats
  7 frilled lizards
  A goblin zombie (Ossuary)
  2 hobgoblin zombies (Ossuary)
  A kobold zombie (Ossuary)
  An orc zombie (Ossuary)
  8 rats
216 creatures vanquished.

Vanquished Creatures (others)
  963 foxfires
  A plant (D:3)
964 creatures vanquished.

Grand Total: 1180 creatures vanquished

Notes
Turn   | Place    | Note
-------+----------+-------------------------------------------
     0 | D:1      | gruber the Djinni Fire Elementalist began the quest for the
                  | Orb.
     0 | D:1      | gruber set off with the following spells memorised:
                  | Foxfire, Scorch, Kindle Blastsparks, Inner Flame, Flame
                  | Wave.
     0 | D:1      | Reached XP level 1. HP: 15/15 MP: 0/0
   226 | D:1      | Reached XP level 2. HP: 17/21 MP: 0/0
   645 | D:1      | Found a faded altar of an unknown god.
   690 | D:1      | Reached XP level 3. HP: 23/25 MP: 0/0
   690 | D:1      | Learned a level 1 spell: Sting
  1525 | D:2      | You are sucked into a shaft and drop 1 floor!
  1663 | D:2      | Reached XP level 4. HP: 29/31 MP: 0/0
  2193 | D:2      | Noticed Robin
  2281 | D:2      | Killed Robin
  2417 | D:2      | Noticed Jessica
  2423 | D:2      | Killed Jessica
  2424 | D:2      | Reached XP level 5. HP: 33/35 MP: 0/0
  2424 | D:2      | Learned a level 2 spell: Blink
  2578 | D:3      | Reached XP level 6. HP: 29/40 MP: 0/0
  2791 | D:3      | Noticed Natasha
  2795 | D:3      | Killed Natasha
  2796 | D:3      | Reached skill level 5 in Spellcasting
  3208 | D:3      | Noticed Natasha
  3218 | D:3      | Killed Natasha
  3367 | D:3      | Noticed Natasha
  3373 | D:3      | Killed Natasha
  3533 | D:3      | Reached skill level 1 in Fighting
  3712 | D:4      | Noticed Blork the orc
  3719 | D:4      | Killed Blork the orc
  3720 | D:4      | Reached XP level 7. HP: 36/49 MP: 0/0
  3720 | D:4      | Learned a level 3 spell: Hailstorm
  3829 | D:4      | Noticed Eustachio
  3844 | D:4      | Killed Eustachio
  4228 | D:4      | Reached skill level 5 in Fighting
  4247 | D:4      | Reached XP level 8. HP: 52/59 MP: 0/0
  5012 | D:5      | Entered Level 5 of the Dungeon
  5550 | D:5      | Found a shimmering altar of Xom.
  5758 | D:5      | Reached XP level 9. HP: 61/66 MP: 0/0
  5758 | D:5      | Learned a level 3 spell: Dazzling Flash
  5786 | D:5      | Found a white marble altar of Elyvilon.
  6286 | D:6      | Found an opulent altar of Gozag.
  6622 | D:6      | Reached skill level 5 in Dodging
  6760 | D:7      | Found a glowing golden altar of the Shining One.
  6930 | D:7      | Noticed a gargoyle
  6958 | D:7      | Found a staircase to the Ecumenical Temple.
  7032 | D:7      | Found a sand-covered staircase.
  7043 | Ossuary  | Entered an ossuary
  7820 | D:7      | Mangled by a gargoyle

Illustrated notes

Levels and vault maps discovered:
D:1:      arrival_zaba_pyramid, layout_basic,
          chequers_ecumenical_altar_simple_redux
D:2:      minmay_chambers_of_ones, layout_rooms, uniq_robin, uniq_jessica
D:3:      layout_loops_ring, serial_glass, glass_columns_a, glass_columns_c,
          grunt_decor_fettered, minmay_shallow_snake_nest, uniq_natasha
D:4:      wad_river_or_something, layout_basic, uniq_eustachio,
          uniq_blork_the_orc
D:5:      layout_loops_ring, lemuel_coloured_pillars_altar,
          mainiacjoe_overflow_alcove_2
D:6:      layout_basic, nicolae_gozag_seed_capital
D:7:      layout_basic, tso_metal_star, temple_pool_b,
          chequers_ossuary_entry_cave, sigmund_army

Skill      XL: |  1  2  3  4  5  6  7  8  9 |
---------------+----------------------------+-----
Spellcasting   | 3 4 5 6 7 |  7.1
Fighting       | 2 5 6 |  6.1
Dodging        | 7 |  7.3
Stealth        | |  1.5

Action                   |  1- 3 |  4- 6 |  7- 9 || total
-------------------------+-------+-------+-------++-------
Melee: Rapier            |     4 |       |       ||     4
       Staff             |       |       |     3 ||     3
 Cast: Foxfire           |   130 |   171 |   283 ||   584
       Scorch            |       |    10 |    59 ||    69
       Kindle Blastspark |       |     2 |     2 ||     4
       Flame Wave        |       |       |     5 ||     5
       Hailstorm         |       |       |     4 ||     4
 Stab: Sleeping          |     1 |       |       ||     1
Armor: Robe              |     1 |     1 |     2 ||     4
Dodge: Dodged            |     7 |    10 |    36 ||    53

Table legend: (Time is in decaauts)
 A = Elapsed time spent in this place.
 B = Non-inter-level travel time spent in this place.
 C = Inter-level travel time spent in this place.
 D = Time resting spent in this place.
 E = Time spent auto-exploring this place.
 F = Levels seen in this place.
 G = Mean time per level.
                   A        B        C        D        E       F      G
               +--------+--------+--------+--------+--------+-----+--------+
         Total |   7816 |   7558 |    258 |      0 |   6254 |   8 |  977.0 |
       Dungeon |   7438 |   7180 |    258 |      0 |   5951 |   7 | 1062.6 |
       Ossuary |    377 |    377 |      0 |      0 |    303 |   1 |  377.0 |
               +--------+--------+--------+--------+--------+-----+--------+

Top non-repeatable levels by time:
     D:1: 1427 daAuts
     D:3: 1338 daAuts
     D:4: 1320 daAuts
     D:5: 1041 daAuts
     D:2: 924 daAuts
     D:7: 708 daAuts
     D:6: 678 daAuts
 Ossuary: 377 daAuts
